 Dungeon Crawl Stone Soup version 0.19.0-20-gbc5f0c6 (webtiles) character file.

386023 Ijustatesigmund the Severer (level 22, -2/206 HPs)
             Began as a Minotaur Fighter on Nov 10, 2016.
             Was a High Priest of Cheibriados.
             Killed from afar by a Hell Sentinel (47 damage)
             ... with damnation
             ... summoned by a deep elf demonologist
             ... on level 3 of the Elven Halls on Nov 16, 2016.
             The game lasted 02:58:15 (40350 turns).

Ijustatesigmund the Severer (Minotaur Fighter)     Turns: 40350, Time: 02:58:16

Health: -2/206     AC: 42    Str: 36    XL:     22   Next: 0%
Magic:  32/33      EV: 16    Int: 23    God:    Cheibriados [*****.]
Gold:   396        SH: 21    Dex: 26    Spells: 3 memorised, 21 levels left

rFire  + . .     SeeInvis +     x - +10 war axe "Lukkah" {flame, rPois Stlth+}
rCold  + . .     Gourm    .     Z - +9 armour of the Dragon King {rPois rF+ rC+ MR+}
rNeg   . . .     Faith    .     c - +2 shield
rPois  +         Spirit   .     v - +2 hat
rElec  .         Reflect  +     s - +2 cloak
rCorr  .         Harm     .     k - +2 pair of gloves
MR     +++..     Clarity  +     I - +2 pair of boots
Stlth  ..........               n - +3 amulet of reflection
                                N - ring of see invisible
                                V - ring of protection from magic

@: about to teleport, drained, very slow
A: retaliatory headbutt, horns 2, talons 1, thin skeletal structure 1, clarity,
clumsy 1
a: Bend Time, Temporal Distortion, Slouch, Step From Time, Renounce Religion
}: 2/15 runes: barnacled, gossamer


You were on level 3 of the Elven Halls.
You worshipped Cheibriados.
Cheibriados was extremely pleased with you.
You were not hungry.

You visited 7 branches of the dungeon, and saw 38 of its levels.
You visited the Abyss 1 time.

You collected 4148 gold pieces.
You spent 3752 gold pieces at shops.

Inventory:

Hand Weapons
 x - the +10 war axe "Lukkah" (weapon) {flame, rPois Stlth+}
   (You bought it in a shop on level 5 of the Dungeon)

   It has been specially enchanted to burn those struck by it, causing extra
   injury to most foes and up to half again as much damage against particularly
   susceptible opponents.
   Big, fiery blades are also staple armaments of hydra-hunters.
   It protects you from poison.
   It makes you more stealthy.
Armour
 c - a +2 shield (worn)
 k - a +2 pair of gloves (worn)
 s - a +2 cloak (worn)
 v - a +2 hat (worn)
 I - a +2 pair of boots (worn)
 Z - the +9 armour of the Dragon King (worn) {rPois rF+ rC+ MR+}
   (You bought it in a shop on level 2 of the Orcish Mines)

   It protects you from fire.
   It protects you from cold.
   It protects you from poison.
   It affects your resistance to hostile enchantments.
Jewellery
 n - a +3 amulet of reflection (around neck)
 r - an uncursed ring of positive energy
 A - an uncursed ring of protection from fire
 C - an uncursed amulet of faith
 F - an uncursed ring of wizardry
 M - an uncursed ring of protection from cold
 N - a ring of see invisible (right hand)
 V - a ring of protection from magic (left hand)
 X - an uncursed ring of poison resistance
Wands
 a - a wand of iceblast (4/15)
 b - a wand of disintegration (2/24)
 q - a wand of lightning (6/15)
 K - a wand of iceblast (7/15)
 P - a wand of lightning (8/15)
 R - a wand of enslavement (9/24)
 T - a wand of digging (17/24)
 Y - a wand of acid (4/15)
Scrolls
 e - 18 scrolls of remove curse
 l - a scroll of teleportation
 u - 5 scrolls of immolation
 y - 3 scrolls of vulnerability
 E - 2 scrolls of identify
 H - 2 scrolls of recharging
 J - 3 scrolls of magic mapping
 U - 5 scrolls of blinking
 W - 2 scrolls of fear
Potions
 d - 7 potions of might
 i - a potion of invisibility
 j - 5 potions of resistance
 m - 8 potions of ambrosia
 o - 2 potions of magic
 p - 10 potions of curing
 w - 3 potions of cure mutation
 z - a potion of cancellation
 G - a potion of flight
 L - a potion of agility
 S - 2 potions of brilliance
Comestibles
 f - 18 bread rations
 g - 14 meat rations


   Skills:
 + Level 19.2(18.9) Fighting
 + Level 19.4(19.0) Axes
 - Level 16.3(15.9) Armour
 - Level 11.7(11.4) Dodging
 - Level 6.2(5.9) Stealth
 - Level 13.6(13.3) Shields
 - Level 4.0(3.7) Spellcasting
 - Level 9.1(8.8) Hexes
 - Level 9.7(9.4) Translocations
 - Level 4.0(3.7) Fire Magic
 + Level 16.7(16.4) Invocations


You had 21 spell levels left.
You knew the following spells:

 Your Spells              Type           Power        Failure   Level  Hunger
a - Gell's Gravitas       Hex/Tloc       #####.....   10%         3    ###....
b - Blink                 Tloc           N/A          4%          2    #......
c - Inner Flame           Hex/Fire       ####....     30%         3    ###....


Dungeon Overview and Level Annotations

Branches:
Dungeon (15/15)            Temple (0/1) D:7            Lair (6/6) D:8
 Shoals (4/4) Lair:3       Spider (4/4) Lair:4        Slime (0/5) Lair:5
    Orc (2/2) D:10            Elf (3/3) Orc:2        Vaults (4/5) D:14
  Crypt (0/3) Vaults:2     Depths (0/5) D:15

Altars:
Ashenzari
Cheibriados
Dithmenos
Elyvilon
Fedhas
Gozag
Kikubaaqudgha
Makhleb
Trog
Yredelemnul
The Shining One
Beogh
Jiyva

Shops:
D:5 (   D:15 ?   Orc:2 *[([*   Elf:2 (   Shoals:1 :[*   Vaults:2 (   Vaults:4 :

Portals:
Trove: D:10 (give +6 demon blade)

Annotations:
Lair:5 1 runed door


Innate Abilities, Weirdness & Mutations

You reflexively headbutt those who attack you in melee.
You have a pair of horns on your head.
You have sharp toenails.
You have a somewhat thin skeletal structure. (Dex +2, Stealth)
You possess an exceptional clarity of mind.
You are clumsy. (Dex -2)


Message History

The deep elf demonologist casts a spell.
The deep elf demonologist mumbles some strange words.
You chop the Hell Sentinel into pieces!!!
You headbutt the Hell Sentinel.
The Hell Sentinel is moderately wounded.
You hit the Hell Sentinel.
The Hell Sentinel is moderately wounded.
The Hell Sentinel hits you but does no damage.
You block the Hell Sentinel's attack.
You are struck by the Hell Sentinel's spines.
* * * LOW HITPOINT WARNING * * *
You hit the Hell Sentinel but do no damage.
You headbutt the Hell Sentinel, but do no damage.
The Hell Sentinel is moderately wounded.
You block the Hell Sentinel's attack. x2
As you read the scroll of teleportation, it crumbles to dust.
You feel strangely unstable. The Hell Sentinel gestures at you.
The sphere of damnation explodes!
The damnation engulfs you!
You die...

..#.............,,###...,,,*,,,,,
..#.............,*......,,*,*,*,,
..#.............,*......,,*,*,,*,
..#.............,#......,*,,,*,,,
..#)............*.......,*,,,*,,*
..#.............*.......*,,,,,,,*
...#............#.......*,,,,,,*,
...#..#####***,#......#****+*,,*,
....#..#,,,,,,,#@...##..,,,,,,,,,
#...#....,,,,,,#1.##....,,,,,,,,,
#....##...***+,e##..,..#*********
.......##..,,,2#,,##..,.,,,,,,,,<
##......,..,,..*,,,,*#..,,,,,,,,,
..##....*,,*#.,*,,*,,,,.,********
.,,,*,,,*,,,#.,,*,,*,,,**,,,,,,,,
,*,,*,,,,*,,.,,,*,,,,**,,,,,,,,,,
,,*,,*,,,*,,,,,,*,,**,,,*********


You could see a Hell Sentinel, a shadow demon and a deep elf demonologist.

Vanquished Creatures
  An ancient lich (Vaults:4)
  Saint Roka (Elf:2)
  Rupert (Spider:1)
  A deep elf master archer (Elf:3)
  2 deep elf blademasters
  A titan (Vaults:4)
  Gastronok (D:8)
  Polyphemus (Shoals:3)
  2 sphinxes
  A tengu reaver (D:13)
  Frances (Shoals:1)
  2 krakens
  Donald (Elf:1)
  Agnes (Spider:3)
  Ilsuiw (Shoals:4)
  2 deep elf sorcerers (Elf:1)
  3 fire giants
  3 frost giants
  7 ghost moths
  20 vault wardens
  3 orc warlords
  2 deep elf elementalists (Elf:3)
  6 emperor scorpions
  A very ugly thing (Vaults:4)
  13 ironheart preservers
  A war gargoyle (Vaults:4)
  8 stone giants
  5 entropy weavers
  3 deep elf demonologists
  Azrael (D:12)
  2 deep elf annihilators
  2 spark wasps
  3 ettins
  2 deep elf death magi
  7 merfolk impalers
  3 merfolk javelineers
  10 ogre magi
  7 yaktaur captains
  2 great orbs of eyes
  15 vault guards
  Fannar (Lair:2)
  Erolcha (D:12)
  2 catoblepae
  A rakshasa (Vaults:2)
  An alligator snapping turtle (Shoals:3)
  5 hydras
  A merfolk avatar (Shoals:2)
  6 centaur warriors
  Erica (D:9)
  An ice dragon (Vaults:4)
  3 merfolk aquamancers
  34 dancing weapons
  3 death knights
  3 satyrs
  3 deep troll earth magi
  4 death yaks (Shoals:3)
  2 orc high priests (Orc:2)
  A tengu warrior (D:14)
  A thrashing horror (Abyss:2)
  A shock serpent (shapeshifter) (Vaults:1)
  19 deep elf knights
  A hell knight (D:13)
  5 shadow wraiths
  5 deep trolls
  A glowing orange brain (Vaults:1)
  18 sea snakes
  5 unseen horrors
  5 skeletal warriors (D:12)
  4 wizards
  16 deep elf archers
  10 hill giants
  A lindwurm (Lair:6)
  14 orc knights
  A necromancer (Vaults:4)
  28 ironbrand convokers
  2 phantasmal warriors
  15 harpies
  36 wolf spiders
  27 orb spiders
  21 ugly things
  The ghost of Ladykiller69 the Chopper, a novice FoFi of Cheibriados (D:6)
  A salamander (shapeshifter) (Vaults:4)
  13 cyclopes
  A stone giant zombie (Vaults:4)
  8 fauns
  49 deep elf magi
  10 manticores
  9 orc sorcerers
  A frost giant zombie (Vaults:4)
  14 sirens
  Maurice (D:12)
  5 moths of wrath
  6 elephants (Lair:4)
  7 water nymphs
  A torpor snail (Lair:6)
  3 molten gargoyles (Lair:6)
  15 vault sentinels
  Joseph (D:9)
  4 black mambas
  A guardian serpent (shapeshifter) (Vaults:3)
  3 naga magi (D:15)
  A gargoyle (D:13)
  15 spiny frogs
  8 freezing wraiths
  38 yaktaurs
  2 rime drakes
  A rime drake (shapeshifter) (Vaults:4)
  A yaktaur (shapeshifter) (Elf:1)
  An efreet (D:13)
  13 demonic crawlers
  15 komodo dragons
  7 trolls
  2 polar bears
  6 meliai
  33 jumping spiders
  31 merfolk
  17 two-headed ogres
  5 wind drakes
  Grinder (D:5)
  11 hornets
  12 blink frogs
  20 slime creatures
  A small abomination (Abyss:2)
  A stone giant simulacrum (Vaults:1)
  An ettin zombie (Vaults:4)
  12 hippogriffs
  A human simulacrum (Vaults:2)
  15 dream sheep
  9 snapping turtles
  3 air elementals
  37 tarantellas
  9 water elementals
  A vampire (D:13)
  26 yaks
  2 wraiths
  93 redbacks
  13 wyverns
  5 fire elementals
  A hog (shapeshifter) (Vaults:4)
  4 basilisks (Lair:6)
  A steam dragon (Lair:6)
  3 hungry ghosts
  A basilisk (shapeshifter) (D:15)
  5 mottled dragons
  10 wargs
  A naga (shapeshifter) (Vaults:4)
  4 vampire mosquitoes (D:15)
  Menkaure (D:7)
  18 water moccasins
  6 porcupines
  3 ice beasts
  Duvessa (D:6)
  A hornet zombie (D:9)
  2 sky beasts
  5 hell hounds
  57 orc warriors
  A phantom (D:8)
  The ghost of goblinboy the Skirmisher, an amateur CeBe of Trog (D:4)
  A black bear (D:6)
  49 ogres
  22 centaurs
  25 wolves
  A human zombie (Vaults:4)
  11 crocodiles
  14 bullfrogs
  A wyvern zombie (D:9)
  A gnoll sergeant (D:8)
  An earth elemental (Elf:1)
  5 scorpions
  Dowan (D:6)
  20 killer bees
  A howler monkey (D:7)
  16 wights
  5 electric eels
  2 lava snakes (Lair:6)
  2 bullfrog zombies
  6 centaur zombies
  6 starcursed masses (Abyss:2)
  5 crimson imps
  Crazy Yiuf (D:3)
  2 bullfrog skeletons
  A gnoll shaman (D:6)
  7 jellies
  29 orc priests
  32 orc wizards
  4 centaur skeletons
  6 hounds
  Jessica (D:3)
  A worker ant (shapeshifter) (Vaults:4)
  6 iguanas
  12 worker ants
  A worker ant zombie (D:6)
  9 gnolls
  A howler monkey skeleton (D:4)
  19 adders
  2 shadow imps
  An ooze (D:2)
  An adder skeleton (D:5)
  7 worms
  6 leopard geckos
  114 orcs
  2 ball pythons
  8 bats
  7 giant cockroaches
  7 goblins
  6 hobgoblins
  8 jackals
  10 kobolds
  4 quokkas
  2 frilled lizards (D:1)
  A jackal zombie (D:5)
  A leopard gecko skeleton (D:6)
  A leopard gecko zombie (D:8)
  A quokka zombie (D:5)
  5 rats
  3 fungi
  6 plants
  4 tentacles
1741 creatures vanquished.

Vanquished Creatures (collateral kills)
  4 centaurs (Vaults:3)
4 creatures vanquished.

Vanquished Creatures (others)
  Nikola (Vaults:1)
  A stone giant (Vaults:2)
  2 merfolk javelineers (Shoals:4)
  2 centaur warriors
  4 deep elf archers
  2 deep elf magi (Elf:2)
  A faun (Shoals:2)
  3 cyclopes (Shoals:1)
  8 yaktaurs
  2 merfolk
  A snapping turtle (Shoals:4)
  3 centaurs
  An orc wizard (D:12)
  An iguana (D:13)
  3 orcs
  8 fungi
  2 plants
  14 tentacles
59 creatures vanquished.

Grand Total: 1804 creatures vanquished

Notes
Turn   | Place    | Note
-------+----------+-------------------------------------------
     0 | D:1      | Ijustatesigmund the Minotaur Fighter began the quest for the Orb.
     0 | D:1      | Reached XP level 1. HP: 19/19 MP: 0/0
   552 | D:1      | Reached XP level 2. HP: 27/27 MP: 1/1
   973 | D:2      | Reached XP level 3. HP: 34/34 MP: 2/2
  1047 | D:2      | Found a snail-covered altar of Cheibriados.
  1047 | D:2      | Found a white marble altar of Elyvilon.
  1066 | D:2      | Became a worshipper of Cheibriados the Contemplative
  1123 | D:2      | Found a shadowy altar of Dithmenos.
  1228 | D:2      | Reached skill level 5 in Fighting
  1229 | D:2      | Reached XP level 4. HP: 33/42 MP: 3/3
  1762 | D:3      | Reached XP level 5. HP: 41/48 MP: 4/4
  1770 | D:3      | Reached * piety under Cheibriados
  1770 | D:3      | Reached skill level 5 in Axes
  1840 | D:3      | Found a glowing golden altar of the Shining One.
  1843 | D:3      | Gained mutation: You possess an exceptional clarity of mind. [potion of beneficial mutation]
  1844 | D:3      | Gained mutation: You have a somewhat thin skeletal structure. (Dex +2, Stealth) [potion of beneficial mutation]
  1945 | D:3      | Reached skill level 1 in Invocations
  1947 | D:3      | Noticed Jessica
  1951 | D:3      | Killed Jessica
  2303 | D:3      | Found a burning altar of Makhleb.
  2424 | D:3      | Found a runed door.
  2428 | D:3      | Noticed Crazy Yiuf
  2431 | D:3      | Killed Crazy Yiuf
  2540 | D:3      | Reached XP level 6. HP: 56/56 MP: 6/6
  2617 | D:3      | Found a faded altar of an unknown god.
  2617 | D:3      | Found a shattered altar of Ashenzari.
  2622 | D:3      | Found a faded altar of an unknown god.
  2624 | D:3      | Found a faded altar of an unknown god.
  2626 | D:3      | Found a bloodstained altar of Trog.
  2735 | D:4      | Noticed goblinboy's ghost (amateur CeBe)
  2743 | D:4      | Killed goblinboy's ghost
  2801 | D:4      | Reached ** piety under Cheibriados
  2804 | D:4      | Reached skill level 1 in Dodging
  3013 | D:4      | Reached XP level 7. HP: 59/62 MP: 8/8
  3160 | D:5      | Entered Level 5 of the Dungeon
  3233 | D:5      | Found Zumonus's Antique Weapon Emporium.
  3272 | D:5      | Bought an encrusted war axe for 153 gold pieces
  3272 | D:5      | Identified the +10 war axe "Lukkah" {flame, rPois Stlth+} (You bought it in a shop on level 5 of the Dungeon)
  3323 | D:5      | Found an opulent altar of Gozag.
  3351 | D:5      | Noticed Grinder
  3357 | D:5      | Killed Grinder
  3357 | D:5      | Reached *** piety under Cheibriados
  3357 | D:5      | Reached XP level 8. HP: 70/70 MP: 10/10
  3401 | D:5      | Reached skill level 5 in Invocations
  3837 | D:5      | Reached skill level 5 in Shields
  4076 | D:6      | Reached skill level 5 in Armour
  4129 | D:6      | Noticed Ladykiller69's ghost (novice FoFi)
  4137 | D:6      | Killed Ladykiller69's ghost
  4315 | D:6      | Reached XP level 9. HP: 75/75 MP: 12/12
  4322 | D:6      | Noticed Dowan
  4323 | D:6      | Noticed Duvessa
  4328 | D:6      | Killed Dowan
  4357 | D:6      | Killed Duvessa
  4361 | D:6      | Reached **** piety under Cheibriados
  4683 | D:6      | You fall through a shaft!
  4961 | D:7      | Found a staircase to the Ecumenical Temple.
  5001 | D:7      | Noticed Menkaure
  5007 | D:7      | Killed Menkaure
  5414 | D:8      | Found an opulent altar of Gozag.
  5430 | D:8      | Noticed Gastronok
  5445 | D:8      | Killed Gastronok
  5445 | D:8      | Reached XP level 10. HP: 60/91 MP: 14/14
  5548 | D:8      | Found a staircase to the Lair.
  5592 | D:8      | Reached skill level 10 in Axes
  5793 | D:8      | Reached ***** piety under Cheibriados
  5897 | D:9      | Reached skill level 10 in Fighting
  5996 | D:9      | Noticed a hill giant
  5998 | D:9      | Noticed Joseph
  6002 | D:9      | Killed Joseph
  6007 | D:9      | Killed a hill giant
  6095 | D:9      | Noticed Erica
  6105 | D:9      | Killed Erica
  6105 | D:9      | Reached XP level 11. HP: 100/102 MP: 16/16
  6300 | D:10     | Entered Level 10 of the Dungeon
  6402 | D:10     | Found a portal to a secret trove of treasure.
  6428 | D:10     | Found a staircase to the Orcish Mines.
  6499 | D:10     | Reached ****** piety under Cheibriados
  6551 | D:10     | Noticed a hill giant
  6557 | D:10     | Killed a hill giant
  6566 | D:10     | Killed an unseen horror
  7231 | D:11     | Noticed a hill giant
  7232 | D:11     | Reached skill level 1 in Stealth
  7237 | D:11     | Killed a hill giant
  7810 | D:11     | You fall through a shaft!
  7818 | D:12     | Noticed Maurice
  7827 | D:12     | Killed Maurice
  7827 | D:12     | Reached skill level 5 in Stealth
  7995 | D:12     | Noticed a hill giant
  8003 | D:12     | Killed a hill giant
  8035 | D:12     | Noticed Azrael
  8042 | D:12     | Reached XP level 12. HP: 106/112 MP: 17/17
  8049 | D:12     | Killed Azrael
  8138 | D:12     | Reached skill level 5 in Dodging
  8428 | D:12     | Noticed Erolcha
  8433 | D:12     | Killed Erolcha
  8436 | D:12     | Upgraded the game from 0.19.0-16-g73b5abf to 0.19.0-18-g426998a
  8960 | D:12     | Noticed a death knight
  8977 | D:12     | Killed a death knight
  9326 | D:13     | Reached XP level 13. HP: 102/118 MP: 18/18
  9334 | D:13     | Noticed an ettin
  9337 | D:13     | Killed an ettin
  9337 | D:13     | Reached skill level 10 in Armour
  9348 | D:13     | Reached skill level 10 in Shields
  9378 | D:13     | Noticed a frost giant
  9383 | D:13     | Killed a frost giant
  9710 | D:13     | Noticed a tengu reaver
  9715 | D:13     | Killed a tengu reaver
  9878 | D:13     | Noticed a sphinx
  9886 | D:13     | Killed a sphinx
 10001 | D:13     | Learned a level 3 spell: Gell's Gravitas
 10130 | D:13     | Got a slimy tin ring
 10132 | D:13     | Identified the ring "Keloivat" {*Contam rC+ MR+ Str+3} (You found it on level 13 of the Dungeon)
 10212 | D:13     | Reached skill level 1 in Translocations
 10542 | Lair:1   | Entered Level 1 of the Lair of Beasts
 10621 | Lair:1   | Reached skill level 1 in Hexes
 11412 | Lair:2   | Reached XP level 14. HP: 129/129 MP: 19/19
 11620 | Lair:2   | Noticed Fannar
 11631 | Lair:2   | Killed Fannar
 12176 | Lair:3   | Found a staircase to the Shoals.
 13008 | Lair:4   | Found a hole to the Spider Nest.
 13712 | Lair:5   | Reached skill level 10 in Invocations
 13982 | Lair:5   | Found a runed door.
 13982 | Lair:5   | Found a viscous altar of Jiyva.
 13982 | Lair:5   | Found a staircase to the Slime Pits.
 13982 | Lair:5   | Noticed an acid blob
 13982 | Lair:5   | Noticed an acid blob
 13984 | Lair:5   | Noticed an acid blob
 14056 | Lair:6   | Entered Level 6 of the Lair of Beasts
 14541 | Lair:6   | Reached skill level 5 in Translocations
 15075 | Lair:6   | Reached XP level 15. HP: 95/136 MP: 22/22
 15088 | Lair:6   | Reached skill level 5 in Hexes
 15216 | Lair:6   | Found a large runed door.
 15217 | Lair:6   | Found a large runed door.
 15712 | Orc:1    | Entered Level 1 of the Orcish Mines
 15712 | Orc:1    | Noticed an orc warlord
 15729 | D:10     | Killed an orc warlord
 16109 | Orc:2    | Entered Level 2 of the Orcish Mines
 16109 | Orc:2    | Found a roughly hewn altar of Beogh.
 16126 | Orc:2    | Found a staircase to the Elven Halls.
 16451 | Orc:2    | Found a roughly hewn altar of Beogh.
 16539 | Orc:2    | Noticed an orc warlord
 16550 | Orc:2    | Paralysed by an orc sorcerer for 4 turns
 16560 | Orc:2    | Killed an orc warlord
 17008 | Orc:2    | Found a roughly hewn altar of Beogh.
 17008 | Orc:2    | Found Gosim's Antique Armour Shop.
 17018 | Orc:2    | Found Ecriut's Antique Weapon Boutique.
 17107 | Orc:2    | Found Cerap's Assorted Antiques.
 17158 | Orc:2    | Found a roughly hewn altar of Beogh.
 17219 | Orc:2    | Found a roughly hewn altar of Beogh.
 17232 | Orc:2    | Found Zenot's Antique Armour Shop.
 17317 | Orc:2    | Found a roughly hewn altar of Beogh.
 17373 | Orc:2    | Found a roughly hewn altar of Beogh.
 17417 | Orc:2    | Found a roughly hewn altar of Beogh.
 17420 | Orc:2    | Found Pemarchu's Assorted Antiques.
 17488 | Orc:2    | Noticed an orc warlord
 17495 | Orc:2    | Killed an orc warlord
 17666 | Shoals:1 | Entered Level 1 of the Shoals
 17904 | Spider:1 | Entered Level 1 of the Spider Nest
 18221 | Spider:1 | Noticed Rupert
 18237 | Spider:1 | Killed Rupert
 18355 | Spider:1 | You fall through a shaft!
 18547 | Spider:2 | Reached XP level 16. HP: 124/144 MP: 23/23
 18694 | Spider:2 | Reached skill level 15 in Armour
 19910 | Spider:3 | Noticed Agnes
 19919 | Spider:3 | Killed Agnes
 20881 | Spider:4 | Entered Level 4 of the Spider Nest
 21453 | Spider:4 | Reached XP level 17. HP: 113/154 MP: 0/25
 21614 | Spider:4 | Reached skill level 15 in Axes
 22034 | Spider:4 | Reached skill level 15 in Fighting
 22200 | Spider:4 | Got a gossamer rune of Zot
 22483 | Lair:3   | Reached skill level 10 in Dodging
 22712 | D:14     | Found a gate to the Vaults.
 22724 | Vaults:1 | Entered Level 1 of the Vaults
 23227 | Vaults:1 | Noticed Nikola
 23236 | Vaults:1 | Killed Nikola
 24084 | Vaults:1 | Upgraded the game from 0.19.0-18-g426998a to 0.19.0-19-g8c6edcc
 24613 | Vaults:1 | Reached XP level 18. HP: 166/166 MP: 27/27
 24967 | Vaults:2 | Noticed an Ice Fiend
 24972 | Vaults:2 | Noticed an Ice Fiend
 24973 | Vaults:2 | Noticed a Brimstone Fiend
 25109 | Vaults:2 | Reached skill level 1 in Spellcasting
 25621 | Vaults:2 | Found Ollerphex's Antique Weapon Boutique.
 25694 | Vaults:2 | Cast into level 2 of the Abyss (a wizard)
 25694 | Abyss:2  | Found a corrupted altar of Lugonu.
 25792 | Vaults:2 | Escaped the Abyss
 25859 | Vaults:2 | Found a staircase to the Crypt.
 25859 | Vaults:2 | Found a basalt altar of Yredelemnul.
 25860 | Vaults:2 | Found an ancient bone altar of Kikubaaqudgha.
 27338 | Vaults:3 | Reached XP level 19. HP: 174/174 MP: 28/28
 28650 | Vaults:4 | Noticed an ancient lich
 28669 | Vaults:4 | Killed an ancient lich
 28975 | Vaults:4 | Gained mutation: You have sharp toenails. [potion of beneficial mutation]
 29687 | Vaults:4 | Reached XP level 20. HP: 180/182 MP: 29/29
 29716 | Vaults:4 | Found Itakye's Book Shop.
 30589 | D:14     | Learned a level 2 spell: Blink
 31091 | Elf:1    | Entered Level 1 of the Elven Halls
 31773 | Elf:1    | Found an ancient bone altar of Kikubaaqudgha.
 31847 | Elf:1    | Noticed Donald
 31856 | Elf:1    | Killed Donald
 32166 | Elf:2    | Found an ancient bone altar of Kikubaaqudgha.
 32243 | Elf:2    | Reached skill level 15 in Invocations
 32647 | Elf:2    | Found a runed gate.
 32648 | Elf:2    | Found a runed gate.
 32652 | Elf:2    | Found a runed gate.
 32761 | Elf:2    | Noticed Saint Roka
 32790 | Elf:2    | Killed Saint Roka
 32903 | Elf:2    | Found Irpha Codwo's Antique Weapon Shoppe.
 33713 | Orc:2    | Bought the +9 armour of the Dragon King {rPois rF+ rC+ MR+} for 3494 gold pieces
 33771 | Orc:2    | Gained mutation: You are clumsy. (Dex -2) [mutagenic glow]
 34197 | D:15     | Entered Level 15 of the Dungeon
 34332 | D:15     | Reached XP level 21. HP: 194/194 MP: 31/31
 34528 | D:15     | Found Ybyt's Magic Scroll Shoppe.
 34534 | D:15     | Bought a scroll of blinking for 105 gold pieces
 34781 | D:15     | Upgraded the game from 0.19.0-19-g8c6edcc to 0.19.0-20-gbc5f0c6
 34785 | D:15     | Found a blossoming altar of Fedhas.
 34918 | D:15     | Found a staircase to the Depths.
 35135 | Lair:1   | Learned a level 3 spell: Inner Flame
 35243 | Shoals:1 | Found Ineq's General Store.
 35318 | Shoals:1 | Found Abbuf's Armour Shop.
 35319 | Shoals:1 | Found Ikistum's Book Shop.
 35320 | Shoals:1 | Noticed Frances
 35328 | Shoals:1 | Killed Frances
 35328 | Shoals:1 | Reached skill level 1 in Fire Magic
 36551 | Shoals:3 | Noticed Polyphemus
 36578 | Shoals:3 | Killed Polyphemus
 37657 | Shoals:4 | Entered Level 4 of the Shoals
 37780 | Shoals:4 | Noticed Ilsuiw
 37802 | Shoals:4 | Killed Ilsuiw
 38262 | Shoals:4 | Got a jewelled battleaxe {flame}
 38263 | Shoals:4 | Identified the +12 battleaxe "Doefitiu" {flame, *Slow MR+ Int+2} (You took it off a siren on level 4 of the Shoals)
 38999 | Shoals:4 | Got a brightly glowing plate armour
 39000 | Shoals:4 | Identified the cursed +0 plate armour "Coaquelloe" {rN+} (You found it on level 4 of the Shoals)
 39086 | Shoals:4 | Got a barnacled rune of Zot
 39444 | Elf:3    | Entered Level 3 of the Elven Halls
 39862 | Elf:3    | HP: 3/198 [deep elf death mage/bolt of negative energy (21)]
 40286 | Elf:3    | Reached XP level 22. HP: 135/206 MP: 33/33
 40350 | Elf:3    | Killed from afar by a Hell Sentinel

Skill      XL: |  1  2  3  4  5  6  7  8  9 10 11 12 13 14 15 16 17 18 19 20 21 |
---------------+----------------------------------------------------------------+-----
Fighting       | 4 5 6 9 11 12 13 14 16 18 19 | 19.2
Axes           | 3 4 5 6 9 11 12 13 14 16 18 19 | 19.4
Invocations    | 1 3 4 6 7 8 9 10 11 12 14 15 16 | 16.7
Dodging        | 2 4 7 9 10 11 | 11.7
Armour         | 4 6 9 10 14 16 | 16.3
Shields        | 4 6 9 10 13 | 13.6
Stealth        | 6 |  6.2
Translocations | 1 5 6 7 9 |  9.7
Hexes          | 1 4 5 7 8 9 |  9.1
Spellcasting   | 3 4 |  4.0
Fire Magic     | 4 |  4.0

Action                   |  1- 3 |  4- 6 |  7- 9 | 10-12 | 13-15 | 16-18 | 19-21 | 22-24 || total
-------------------------+-------+-------+-------+-------+-------+-------+-------+-------++-------
Melee: War axe           |    87 |    80 |   126 |   308 |   767 |   942 |  1382 |     5 ||  3697
       Headbutt          |    12 |    18 |    41 |    96 |   253 |   345 |   443 |     4 ||  1212
 Cast: Gell's Gravitas   |       |       |       |       |     5 |     3 |     3 |       ||    11
       Blink             |       |       |       |       |       |       |     2 |       ||     2
Invok: Slouch            |       |       |       |       |     3 |    10 |    15 |     1 ||    29
       Step From Time    |       |       |       |       |       |       |       |     1 ||     1
Evoke: Wand              |       |       |       |       |     6 |       |     8 |       ||    14
  Use: Scroll            |     4 |     5 |    10 |     1 |    16 |     8 |    24 |     3 ||    71
       Potion            |       |     2 |       |     2 |     3 |     4 |    15 |     2 ||    28
 Stab: Sleeping          |       |       |     5 |    10 |    32 |     1 |       |       ||    48
       Distracted        |       |       |     1 |     1 |     6 |     1 |     3 |       ||    12
       Invisible         |       |       |       |       |       |    30 |       |       ||    30
       Petrified         |       |       |       |       |       |       |    13 |       ||    13
       Petrifying        |       |       |       |       |       |       |     5 |       ||     5
  Eat: Chunk             |     1 |     3 |     3 |     2 |     5 |     5 |     5 |       ||    24
       Pizza             |       |     1 |     1 |       |     2 |     3 |     3 |       ||    10
       Beef jerky        |       |       |       |     2 |     3 |     9 |     1 |       ||    15
       Fruit             |       |       |       |     3 |     6 |       |       |       ||     9
       Royal jelly       |       |       |       |       |       |       |     2 |       ||     2
       Meat ration       |       |       |       |       |       |       |     1 |       ||     1
       Bread ration      |       |       |       |       |       |       |     1 |       ||     1
Armor: Scale mail        |    29 |    27 |    24 |    69 |    95 |       |       |       ||   244
       Plate armour      |       |       |       |       |   100 |   373 |   168 |       ||   641
       Gold dragon scale |       |       |       |       |       |       |   293 |     2 ||   295
Dodge: Dodged            |    23 |    10 |    37 |    96 |   313 |   467 |   618 |     1 ||  1565
Block: Shield            |    58 |    61 |    73 |   244 |   686 |   874 |  1469 |     7 ||  3472
       Reflection        |       |       |       |    23 |    18 |    56 |   253 |       ||   350
